General information
- name: BNet
- type: Ladder team game (AT/RT)
- host: Battle.net
- saver: Sylink
map: SilverpineForest
- players: 6
- length: 128:56
- speed: Fast
- version: 1.23 W3XP
- replay type: Public
» download(725 KB)
Players
team 1 (loser)
bearcat (
blue | 61 APM | 7833 actions | 128:55)
7 Far Seer
3 Feral Spirit
3 Chain Lighting
1 Earth Quake
6 Tauren Chieftain
3 Shockwave
2 Endurance Aura
1 Reincarnation
» actions
| Assign group hotkey | 102 | |
| Basic commands | 887 | |
| Build / train | 142 | |
| Enter build submenu | 50 | |
| Enter hero's abilities submenu | 13 | |
| Give item / drop item | 6 | |
| Remove unit from queue | 1 | |
| Right click | 2423 | |
| Select / deselect | 1549 | |
| Select group hotkey | 2150 | |
| Use ability | 508 | |
7833 total
» units
| Peon | 31 | |
| Grunt | 4 | |
| Shaman | 25 | |
| Tauren | 17 | |
| Troll Witch Doctor | 18 | |
95 total
» upgrades
| Shaman Training | 2 | |
| Reinforced Defenses | 1 | |
| Melee Weapons | 2 | |
| Witch Doctor Training | 2 | |
| Armor | 2 | |
| Pulverize | 1 | |
10 total
» buildings
| Altar of Storms | 1 | |
| Orc Burrow | 8 | |
| Barracks | 1 | |
| Voodoo Lounge | 2 | |
| Stronghold | 2 | |
| War Mill | 1 | |
| Watch Tower | 23 | |
| Fortress | 2 | |
| Spirit Lodge | 2 | |
| Tauren Totem | 2 | |
| Great Hall | 3 | |
47 total
» build order
00:03 Altar of Storms
00:15 Orc Burrow
00:40 Barracks
01:32 Orc Burrow
02:04 Voodoo Lounge
02:58 Stronghold
03:33 War Mill
04:33 Orc Burrow
05:00 Watch Tower
05:25 Fortress
05:28 Spirit Lodge
05:53 Orc Burrow
07:55 Tauren Totem
08:18 Great Hall
09:04 Orc Burrow
11:07 Watch Tower
11:11 Watch Tower
11:14 Watch Tower
11:59 Watch Tower
12:04 Watch Tower
13:15 Orc Burrow
13:17 Watch Tower
14:11 Great Hall
14:50 Watch Tower
14:51 Watch Tower
14:53 Watch Tower
15:41 Watch Tower
17:33 Tauren Totem
20:48 Voodoo Lounge
22:06 Orc Burrow
22:15 Watch Tower
24:18 Stronghold
24:46 Great Hall
26:43 Fortress
26:49 Orc Burrow
39:16 Watch Tower
39:17 Watch Tower
39:38 Watch Tower
39:44 Watch Tower
40:34 Watch Tower
40:53 Watch Tower
42:52 Watch Tower
46:25 Watch Tower
47:25 Watch Tower
50:14 Watch Tower
50:27 Watch Tower
52:16 Spirit Lodge
» items
| Healing Salve | 4 | |
| Dust of Appearance | 1 | |
| Potion of Lesser Invulnerability | 1 | |
| Potion of Healing | 2 | |
| Scroll of Speed | 1 | |
| Scroll of Town Portal | 2 | |
| Orb of Lightning | 1 | |
| Lesser Clarity Potion | 1 | |
| Potion of Mana | 3 | |
| Scroll of Regeneration | 1 | |
17 total
eaglecat (
orange | 71 APM | 9172 actions | 128:55)
5 Archmage
3 Summon Water Elemental
2 Brilliance Aura
5 Blood Mage
3 Flame Strike
1 Siphon Mana
1 Banish
4 Paladin
2 Holy Light
2 Divine Shield
» actions
| Assign group hotkey | 137 | |
| Basic commands | 385 | |
| Build / train | 144 | |
| Enter build submenu | 76 | |
| Enter hero's abilities submenu | 17 | |
| Give item / drop item | 7 | |
| Remove unit from queue | 1 | |
| Right click | 4178 | |
| Select / deselect | 1864 | |
| Select group hotkey | 1961 | |
| Use ability | 400 | |
9172 total
» units
| Peasant | 36 | |
| Footman | 4 | |
| Mortar Team | 16 | |
| Flying Machine | 5 | |
| Rifleman | 4 | |
| Priest | 2 | |
| Knight | 1 | |
| Siege Engine | 5 | |
| Sorceress | 4 | |
| Goblin Zeppelin | 1 | |
78 total
» upgrades
| Lumber Harvesting | 1 | |
| Flare | 1 | |
| Masonry | 3 | |
| Control Magic | 1 | |
| Gunpowder | 3 | |
| Sorceress Training | 2 | |
| Magic Sentry | 1 | |
| Armor | 3 | |
15 total
» buildings
| Altar of Kings | 1 | |
| Barracks | 1 | |
| Farm | 12 | |
| Scout Tower | 41 | |
| Arcane Tower | 7 | |
| Keep | 1 | |
| Lumber Mill | 1 | |
| Blacksmith | 1 | |
| Arcane Vault | 4 | |
| Workshop | 3 | |
| Arcane Sanctum | 2 | |
| Guard Tower | 22 | |
| Castle | 1 | |
| Town Hall | 2 | |
99 total
» build order
00:18 Altar of Kings
00:37 Barracks
00:52 Farm
01:07 Farm
01:56 Farm
02:08 Scout Tower
02:37 Arcane Tower
04:08 Keep
04:10 Lumber Mill
04:34 Blacksmith
05:00 Farm
05:06 Arcane Vault
06:49 Workshop
07:04 Arcane Sanctum
08:33 Farm
08:34 Farm
10:34 Scout Tower
10:36 Scout Tower
10:38 Scout Tower
11:08 Guard Tower
11:20 Scout Tower
11:22 Scout Tower
11:25 Scout Tower
11:59 Guard Tower
12:17 Scout Tower
12:22 Castle
13:16 Guard Tower
14:33 Scout Tower
14:33 Scout Tower
14:33 Scout Tower
15:21 Guard Tower
15:23 Town Hall
15:27 Scout Tower
15:56 Guard Tower
15:59 Scout Tower
16:57 Guard Tower
17:17 Arcane Vault
18:20 Workshop
23:01 Workshop
23:17 Scout Tower
23:18 Scout Tower
23:18 Scout Tower
23:50 Guard Tower
24:02 Arcane Sanctum
26:47 Farm
26:48 Farm
28:07 Farm
28:07 Farm
28:46 Farm
28:46 Farm
38:59 Scout Tower
39:16 Arcane Vault
39:34 Guard Tower
47:58 Scout Tower
47:59 Scout Tower
48:00 Scout Tower
48:26 Guard Tower
48:27 Guard Tower
48:28 Scout Tower
48:54 Scout Tower
48:55 Guard Tower
48:56 Guard Tower
49:24 Guard Tower
51:17 Town Hall
52:24 Arcane Vault
59:45 Scout Tower
59:46 Scout Tower
60:21 Scout Tower
60:22 Scout Tower
60:23 Scout Tower
61:05 Guard Tower
61:08 Scout Tower
61:39 Guard Tower
62:11 Scout Tower
62:29 Scout Tower
63:31 Guard Tower
63:32 Guard Tower
65:14 Scout Tower
65:17 Scout Tower
65:19 Scout Tower
65:43 Guard Tower
65:48 Guard Tower
65:50 Guard Tower
66:53 Scout Tower
66:56 Scout Tower
67:26 Guard Tower
67:40 Guard Tower
67:44 Scout Tower
68:13 Scout Tower
68:16 Arcane Tower
68:18 Scout Tower
68:42 Arcane Tower
71:28 Scout Tower
71:30 Scout Tower
71:34 Arcane Tower
71:39 Scout Tower
72:07 Arcane Tower
72:08 Arcane Tower
72:12 Arcane Tower
offyougowisp (
red | 57 APM | 6102 actions | 107:32)
7 Demon Hunter
3 Mana Burn
3 Evasion
1 Metamorphosis
7 Pandaren Brewmaster
3 Breath of Fire
2 Drunken Haze
1 Storm Earth and Fire
1 Drunken Brawler
» actions
| Assign group hotkey | 92 | |
| Basic commands | 180 | |
| Build / train | 134 | |
| Enter build submenu | 52 | |
| Enter hero's abilities submenu | 15 | |
| Give item / drop item | 23 | |
| Remove unit from queue | 1 | |
| Right click | 3498 | |
| Select / deselect | 1282 | |
| Select group hotkey | 487 | |
| Use ability | 336 | |
6102 total
» units
| Wisp | 32 | |
| Archer | 1 | |
| Dryad | 10 | |
| Druid of the Claw | 1 | |
| Chimaera | 25 | |
69 total
» upgrades
| Abolish Magic | 1 | |
| Strength of the Wild | 3 | |
| Reinforced Hides | 3 | |
| Corrosive Breath | 1 | |
| Ultravision | 1 | |
9 total
» buildings
| Altar of Elders | 1 | |
| Moon Well | 9 | |
| Ancient of War | 1 | |
| Tree of Ages | 3 | |
| Hunter's Hall | 1 | |
| Ancient Protector | 12 | |
| Ancient of Lore | 2 | |
| Ancient of Wonders | 2 | |
| Tree of Life | 4 | |
| Tree of Eternity | 1 | |
| Ancient of Wind | 1 | |
| Chimaera Roost | 5 | |
42 total
» build order
00:03 Altar of Elders
00:18 Moon Well
00:45 Ancient of War
02:14 Tree of Ages
02:15 Tree of Ages
02:45 Moon Well
03:15 Hunter's Hall
04:30 Ancient Protector
04:42 Ancient of Lore
05:23 Ancient of Lore
05:41 Ancient of Wonders
05:45 Moon Well
08:26 Tree of Life
09:19 Tree of Eternity
09:51 Ancient of Wind
10:03 Moon Well
12:18 Chimaera Roost
12:44 Moon Well
13:27 Moon Well
16:07 Chimaera Roost
17:27 Chimaera Roost
17:29 Ancient Protector
18:13 Ancient Protector
18:17 Ancient Protector
18:53 Ancient Protector
22:09 Ancient Protector
22:12 Ancient Protector
22:15 Ancient Protector
28:59 Moon Well
29:01 Ancient Protector
29:04 Ancient Protector
30:03 Ancient Protector
30:05 Ancient Protector
37:30 Moon Well
37:52 Moon Well
39:27 Ancient of Wonders
48:20 Chimaera Roost
48:31 Chimaera Roost
92:37 Tree of Life
92:46 Tree of Life
99:27 Tree of Life
» items
| Periapt of Vitality | 1 | |
| Potion of Healing | 16 | |
| Potion of Lesser Invulnerability | 2 | |
| Scroll of Healing | 2 | |
| Scroll of Town Portal | 6 | |
| Orb of Venom | 2 | |
| Potion of Mana | 4 | |
| Scroll of Regeneration | 1 | |
34 total
team 2 (winner)
fineX (
green | 39 APM | 4994 actions | 128:55)
9 Blood Mage
3 Flame Strike
3 Banish
1 Summon Phoenix
2 Siphon Mana
» actions
| Assign group hotkey | 72 | |
| Basic commands | 80 | |
| Build / train | 163 | |
| Enter build submenu | 69 | |
| Enter hero's abilities submenu | 10 | |
| Give item / drop item | 5 | |
| Remove unit from queue | 5 | |
| Right click | 2516 | |
| Select / deselect | 557 | |
| Select group hotkey | 1187 | |
| Use ability | 330 | |
4994 total
» units
| Peasant | 15 | |
| Mortar Team | 6 | |
| Sorceress | 3 | |
| Gryphon Rider | 8 | |
| Spell Breaker | 4 | |
| Dragonhawk Rider | 10 | |
| Goblin Zeppelin | 1 | |
47 total
» upgrades
| Masonry | 3 | |
| Gunpowder | 3 | |
| Lumber Harvesting | 2 | |
| Flare | 1 | |
| Magic Sentry | 1 | |
| Sorceress Training | 1 | |
| Armor | 3 | |
| Fragmentation Shards | 1 | |
| Animal War Training | 1 | |
| Storm Hammers | 1 | |
| Swords | 3 | |
| Control Magic | 1 | |
| Cloud | 1 | |
22 total
» buildings
| Altar of Kings | 1 | |
| Farm | 14 | |
| Lumber Mill | 2 | |
| Scout Tower | 104 | |
| Arcane Tower | 3 | |
| Guard Tower | 45 | |
| Arcane Vault | 1 | |
| Keep | 1 | |
| Blacksmith | 1 | |
| Workshop | 3 | |
| Arcane Sanctum | 3 | |
| Castle | 1 | |
| Cannon Tower | 3 | |
| Town Hall | 1 | |
| Gryphon Aviary | 3 | |
| Barracks | 1 | |
187 total
» build order
00:06 Altar of Kings
00:09 Farm
00:26 Lumber Mill
00:41 Scout Tower
01:09 Scout Tower
01:26 Farm
01:45 Arcane Tower
02:07 Guard Tower
02:18 Scout Tower
02:38 Scout Tower
02:39 Scout Tower
02:56 Guard Tower
02:59 Scout Tower
02:59 Scout Tower
03:53 Guard Tower
03:57 Scout Tower
03:58 Scout Tower
04:59 Guard Tower
05:05 Arcane Vault
05:07 Scout Tower
05:10 Keep
05:38 Guard Tower
06:22 Scout Tower
06:22 Scout Tower
06:28 Scout Tower
06:29 Scout Tower
06:34 Blacksmith
07:02 Guard Tower
07:42 Guard Tower
07:49 Workshop
07:52 Workshop
07:59 Farm
08:00 Farm
08:03 Scout Tower
08:05 Scout Tower
08:06 Scout Tower
08:42 Guard Tower
09:14 Workshop
09:52 Farm
09:53 Farm
10:43 Scout Tower
10:48 Scout Tower
10:49 Scout Tower
11:19 Farm
11:21 Arcane Sanctum
11:26 Guard Tower
11:34 Guard Tower
12:13 Scout Tower
12:15 Scout Tower
12:36 Scout Tower
12:37 Scout Tower
12:40 Guard Tower
12:41 Guard Tower
13:24 Guard Tower
13:27 Scout Tower
13:27 Scout Tower
13:28 Scout Tower
13:57 Guard Tower
14:01 Guard Tower
15:20 Guard Tower
15:23 Scout Tower
15:25 Scout Tower
15:26 Scout Tower
15:27 Scout Tower
15:28 Scout Tower
15:29 Scout Tower
15:31 Castle
16:07 Scout Tower
16:08 Scout Tower
16:09 Scout Tower
16:10 Scout Tower
16:11 Scout Tower
17:03 Guard Tower
17:05 Scout Tower
17:06 Scout Tower
17:07 Scout Tower
17:14 Cannon Tower
17:36 Cannon Tower
17:37 Guard Tower
17:50 Scout Tower
17:51 Scout Tower
18:27 Guard Tower
18:36 Guard Tower
19:12 Guard Tower
19:29 Scout Tower
19:29 Scout Tower
20:24 Guard Tower
25:06 Town Hall
25:46 Scout Tower
25:47 Scout Tower
25:48 Scout Tower
25:49 Scout Tower
25:50 Scout Tower
25:53 Scout Tower
25:53 Scout Tower
26:59 Guard Tower
27:42 Arcane Sanctum
29:49 Cannon Tower
30:00 Scout Tower
30:01 Scout Tower
30:02 Scout Tower
30:03 Scout Tower
32:46 Guard Tower
32:48 Scout Tower
32:49 Scout Tower
32:50 Scout Tower
33:45 Guard Tower
34:02 Gryphon Aviary
34:04 Gryphon Aviary
34:06 Gryphon Aviary
34:08 Barracks
35:11 Guard Tower
45:52 Scout Tower
45:53 Scout Tower
45:54 Scout Tower
45:55 Scout Tower
45:55 Scout Tower
45:56 Scout Tower
45:57 Scout Tower
45:57 Scout Tower
45:58 Scout Tower
45:59 Scout Tower
51:34 Guard Tower
51:48 Scout Tower
51:49 Scout Tower
51:51 Scout Tower
51:52 Scout Tower
53:53 Guard Tower
54:00 Arcane Tower
54:02 Arcane Sanctum
54:25 Scout Tower
54:28 Scout Tower
54:29 Scout Tower
54:30 Scout Tower
54:31 Scout Tower
54:32 Scout Tower
54:33 Scout Tower
54:33 Scout Tower
54:34 Scout Tower
54:35 Scout Tower
54:35 Scout Tower
54:36 Scout Tower
54:36 Scout Tower
55:05 Guard Tower
57:30 Farm
57:31 Farm
58:00 Guard Tower
58:36 Guard Tower
59:48 Guard Tower
61:36 Farm
61:37 Farm
61:38 Farm
66:31 Farm
71:01 Lumber Mill
72:16 Scout Tower
72:18 Scout Tower
72:45 Guard Tower
73:02 Scout Tower
73:04 Scout Tower
73:06 Scout Tower
73:22 Guard Tower
73:37 Guard Tower
73:51 Scout Tower
73:52 Scout Tower
74:04 Guard Tower
74:25 Guard Tower
74:43 Scout Tower
74:44 Scout Tower
74:49 Guard Tower
75:43 Guard Tower
75:47 Scout Tower
75:49 Scout Tower
76:07 Guard Tower
76:26 Scout Tower
76:28 Scout Tower
76:51 Guard Tower
77:02 Guard Tower
77:23 Guard Tower
77:50 Guard Tower
77:54 Scout Tower
77:55 Scout Tower
77:58 Scout Tower
78:16 Scout Tower
78:17 Scout Tower
81:57 Guard Tower
82:42 Arcane Tower
» items
| Boots of Speed | 1 | |
| Staff of Teleportation | 1 | |
| Potion of Healing | 5 | |
| Potion of Mana | 2 | |
| Scroll of Town Portal | 7 | |
| Orb of Lightning | 1 | |
| Ancient Janggo of Endurance | 1 | |
| Lesser Clarity Potion | 3 | |
| Warsong Battle Drums | 1 | |
| Scroll of Regeneration | 3 | |
| Tiny Great Hall | 1 | |
26 total
nonent (
purple | 64 APM | 8199 actions | 128:55)
10 Blademaster
3 Wind Walk
3 Critical Strike
1 Bladestorm
3 Mirror Image
» actions
| Assign group hotkey | 50 | |
| Basic commands | 20 | |
| Build / train | 130 | |
| ESC pressed | 1 | |
| Enter build submenu | 46 | |
| Enter hero's abilities submenu | 10 | |
| Give item / drop item | 24 | |
| Remove unit from queue | 2 | |
| Right click | 3644 | |
| Select / deselect | 600 | |
| Select group hotkey | 3267 | |
| Use ability | 404 | |
8199 total
» units
| Peon | 15 | |
| Troll Batrider | 37 | |
| Shaman | 2 | |
| Demolisher | 8 | |
| Goblin Zeppelin | 1 | |
63 total
» upgrades
| Spiked Barricades | 1 | |
| Liquid Fire | 1 | |
| Ranged Weapons | 3 | |
| Armor | 3 | |
| Shaman Training | 2 | |
| Burning Oil | 1 | |
11 total
» buildings
| Altar of Storms | 1 | |
| Orc Burrow | 8 | |
| War Mill | 3 | |
| Watch Tower | 46 | |
| Stronghold | 1 | |
| Voodoo Lounge | 2 | |
| Beastiary | 6 | |
| Fortress | 1 | |
| Great Hall | 1 | |
| Spirit Lodge | 1 | |
| Barracks | 3 | |
73 total
» build order
00:16 Altar of Storms
00:20 Orc Burrow
00:36 War Mill
01:26 Orc Burrow
02:01 Watch Tower
02:16 Watch Tower
02:46 Watch Tower
03:08 Watch Tower
03:45 Stronghold
04:08 Watch Tower
04:09 Watch Tower
04:33 Voodoo Lounge
05:25 Orc Burrow
05:41 Watch Tower
05:43 Watch Tower
05:44 Watch Tower
05:45 Watch Tower
06:13 Beastiary
06:15 Beastiary
06:28 Beastiary
06:58 Fortress
08:01 Watch Tower
08:08 Watch Tower
11:06 Great Hall
12:28 Orc Burrow
12:32 Watch Tower
12:32 Watch Tower
12:33 Watch Tower
12:34 Watch Tower
14:22 Watch Tower
14:23 Watch Tower
14:24 Watch Tower
14:25 Watch Tower
14:26 Watch Tower
14:27 Watch Tower
14:28 Watch Tower
17:02 Watch Tower
17:03 Watch Tower
17:45 Watch Tower
18:33 Watch Tower
18:35 Watch Tower
18:36 Watch Tower
18:37 Watch Tower
21:32 Watch Tower
21:33 Watch Tower
21:34 Watch Tower
21:58 War Mill
22:36 Beastiary
25:15 Watch Tower
25:16 Watch Tower
27:57 Watch Tower
27:58 Watch Tower
27:59 Watch Tower
28:01 Watch Tower
28:06 Spirit Lodge
33:36 Barracks
33:37 Barracks
34:12 Barracks
57:03 Beastiary
57:04 Beastiary
58:12 Orc Burrow
58:14 Orc Burrow
59:28 Voodoo Lounge
60:08 Orc Burrow
60:10 Orc Burrow
65:59 War Mill
67:56 Watch Tower
67:57 Watch Tower
68:31 Watch Tower
70:30 Watch Tower
70:31 Watch Tower
70:39 Watch Tower
71:42 Watch Tower
» items
| Healing Salve | 6 | |
| Lesser Clarity Potion | 18 | |
| Staff of Teleportation | 1 | |
| Circlet of Nobility | 3 | |
| Potion of Healing | 3 | |
| Orb of Lightning | 1 | |
| Hood of Cunning | 1 | |
| Ring of Regeneration | 1 | |
| Claws of Attack +12 | 1 | |
| Helm of Valor | 1 | |
| Potion of Lesser Invulnerability | 4 | |
| Potion of Mana | 1 | |
41 total
Sylink (
yellow | 61 APM | 7807 actions | 128:56)
7 Archmage
3 Blizzard
2 Brilliance Aura
1 Mass Teleport
1 Summon Water Elemental
7 Pandaren Brewmaster
3 Breath of Fire
3 Drunken Brawler
1 Storm Earth and Fire
5 Mountain King
3 Storm Bolt
2 Bash
» actions
| Assign group hotkey | 34 | |
| Basic commands | 206 | |
| Build / train | 184 | |
| ESC pressed | 5 | |
| Enter build submenu | 97 | |
| Enter hero's abilities submenu | 19 | |
| Give item / drop item | 13 | |
| Right click | 3292 | |
| Select / deselect | 1175 | |
| Select group hotkey | 2259 | |
| Use ability | 523 | |
7807 total
» units
| Peasant | 20 | |
| Mortar Team | 7 | |
| Dragonhawk Rider | 3 | |
| Sorceress | 2 | |
| Priest | 7 | |
| Gryphon Rider | 5 | |
44 total
» upgrades
| Masonry | 3 | |
| Lumber Harvesting | 2 | |
| Gunpowder | 3 | |
| Armor | 3 | |
| Flare | 1 | |
| Magic Sentry | 1 | |
| Sorceress Training | 2 | |
| Fragmentation Shards | 1 | |
| Cloud | 1 | |
| Control Magic | 1 | |
| Priest Training | 2 | |
| Storm Hammers | 1 | |
| Swords | 3 | |
24 total
» buildings
| Altar of Kings | 2 | |
| Farm | 12 | |
| Lumber Mill | 1 | |
| Scout Tower | 73 | |
| Arcane Tower | 8 | |
| Guard Tower | 44 | |
| Arcane Vault | 2 | |
| Keep | 1 | |
| Blacksmith | 1 | |
| Gryphon Aviary | 6 | |
| Workshop | 1 | |
| Arcane Sanctum | 1 | |
| Castle | 1 | |
| Cannon Tower | 5 | |
| Town Hall | 1 | |
159 total
» build order
00:02 Altar of Kings
00:05 Farm
00:27 Lumber Mill
00:55 Scout Tower
01:22 Arcane Tower
01:24 Scout Tower
01:33 Farm
01:51 Guard Tower
02:10 Scout Tower
02:14 Scout Tower
02:25 Scout Tower
02:29 Arcane Vault
02:38 Guard Tower
02:39 Guard Tower
03:04 Guard Tower
03:06 Scout Tower
03:08 Scout Tower
03:47 Keep
04:00 Guard Tower
04:06 Guard Tower
04:40 Scout Tower
04:42 Scout Tower
04:46 Scout Tower
05:11 Guard Tower
05:12 Guard Tower
05:14 Scout Tower
05:15 Scout Tower
05:28 Arcane Tower
05:30 Scout Tower
05:44 Guard Tower
05:57 Scout Tower
05:59 Scout Tower
06:10 Scout Tower
06:11 Guard Tower
06:36 Guard Tower
06:43 Blacksmith
06:50 Scout Tower
07:00 Farm
07:22 Guard Tower
07:37 Farm
07:47 Guard Tower
07:50 Scout Tower
08:03 Scout Tower
08:13 Scout Tower
08:15 Scout Tower
08:24 Farm
08:44 Scout Tower
08:45 Guard Tower
08:46 Scout Tower
09:31 Gryphon Aviary
09:59 Gryphon Aviary
10:49 Workshop
12:17 Farm
13:27 Arcane Tower
13:48 Scout Tower
13:53 Scout Tower
13:55 Guard Tower
14:08 Arcane Sanctum
15:19 Guard Tower
15:24 Scout Tower
15:26 Scout Tower
15:26 Scout Tower
15:27 Scout Tower
15:30 Castle
15:37 Scout Tower
15:56 Guard Tower
16:00 Guard Tower
16:02 Scout Tower
16:05 Guard Tower
16:08 Scout Tower
16:10 Scout Tower
17:06 Guard Tower
17:29 Scout Tower
17:30 Scout Tower
17:37 Scout Tower
17:39 Scout Tower
18:00 Guard Tower
18:02 Scout Tower
18:07 Cannon Tower
18:09 Scout Tower
18:20 Scout Tower
18:21 Guard Tower
18:31 Scout Tower
18:40 Guard Tower
18:41 Scout Tower
18:43 Guard Tower
18:45 Arcane Tower
18:51 Guard Tower
19:02 Guard Tower
19:13 Guard Tower
19:15 Scout Tower
19:36 Farm
19:47 Guard Tower
19:48 Scout Tower
20:24 Guard Tower
20:25 Scout Tower
20:26 Scout Tower
20:55 Scout Tower
20:56 Guard Tower
21:24 Guard Tower
21:53 Scout Tower
21:57 Scout Tower
22:23 Guard Tower
23:13 Town Hall
23:16 Guard Tower
23:38 Scout Tower
23:40 Scout Tower
23:41 Scout Tower
23:42 Scout Tower
24:08 Scout Tower
24:09 Guard Tower
24:11 Scout Tower
24:13 Guard Tower
24:44 Scout Tower
24:44 Scout Tower
24:45 Guard Tower
25:19 Scout Tower
25:21 Guard Tower
25:39 Guard Tower
25:41 Scout Tower
25:41 Scout Tower
25:42 Scout Tower
25:57 Guard Tower
25:59 Scout Tower
26:21 Cannon Tower
26:34 Cannon Tower
26:45 Scout Tower
26:45 Scout Tower
26:46 Guard Tower
27:05 Scout Tower
27:07 Cannon Tower
27:25 Cannon Tower
27:36 Guard Tower
27:38 Scout Tower
27:38 Scout Tower
28:37 Guard Tower
28:40 Scout Tower
29:19 Guard Tower
31:47 Guard Tower
41:32 Scout Tower
41:55 Gryphon Aviary
42:01 Arcane Vault
42:04 Scout Tower
42:22 Arcane Tower
42:24 Scout Tower
43:00 Arcane Tower
43:03 Arcane Tower
44:10 Scout Tower
44:52 Arcane Tower
44:53 Scout Tower
48:38 Farm
48:42 Farm
50:00 Farm
50:02 Farm
51:17 Gryphon Aviary
51:25 Gryphon Aviary
51:29 Gryphon Aviary
51:41 Altar of Kings
53:00 Farm
» items
| Scroll of Regeneration | 7 | |
| Lesser Clarity Potion | 1 | |
| Ivory Tower | 7 | |
| Scroll of Town Portal | 3 | |
| Staff of Sanctuary | 1 | |
| Boots of Speed | 2 | |
| Staff of Teleportation | 2 | |
| Potion of Healing | 2 | |
| Orb of Fire | 2 | |
| Healing Salve | 1 | |
| Hood of Cunning | 2 | |
| Helm of Valor | 1 | |
| Gloves of Haste | 1 | |
| Claws of Attack +12 | 1 | |
| Talisman of Evasion | 1 | |
34 total
Chat log
(00:08 / All) nonent: gl hf eta
(00:13 / All) Sylink: cincinatti sucks big dicks
(00:39 / All) Sylink: IMA SHARK SUCK MY DICK
(01:11 / Allies) Sylink: hope these guys are bad
(01:41 / Allies) Sylink: nelf
(01:50 / Allies) nonent: thx
(01:53 / All) nonent: hey gl hf eta
(02:23 / Allies) fineX: orc
(02:48 / Allies) Sylink: hu
(02:56 / All) nonent: lamo tower nub
(03:04 / All) offyougowisp: ur tema has mass towers ;[
(03:11 / All) Sylink: lies
(03:41 / Allies) Sylink: whee
(03:48 / All) fineX: nice gburn
(05:26 / Allies) Sylink: expo tower
(07:24 / Allies) fineX: syulink u mort or hawk?
(07:28 / Allies) Sylink: i can hawk
(07:37 / Allies) fineX: ok
(08:18 / Allies) Sylink: they explorin
(08:21 / Allies) nonent: ya
(08:25 / Allies) nonent: i like their tier one shit
(08:26 / Allies) Sylink: jerks
(09:01 / Allies) Sylink: assholes
(09:05 / Allies) Sylink: UGH FAGGOT
(09:19 / Allies) Sylink: he has morts
(09:25 / Allies) Sylink: UGHGHHHH
(09:25 / Allies) nonent: brt
(10:06 / Allies) Sylink: ty
(10:22 / Allies) Sylink: dryads lol
(10:24 / Allies) Sylink: getting
(10:25 / Allies) Sylink: owned
(10:28 / Allies) nonent: haha
(10:35 / Allies) Sylink: mass morts
(10:36 / Allies) Sylink: and shit
(11:15 / Allies) fineX: im gonna tp w morts
(11:21 / Allies) Sylink: im cool for now
(11:27 / Allies) fineX: k
(11:31 / Allies) Sylink: making morts and hawks
(11:38 / Allies) Sylink: ok help
(11:46 / Allies) nonent: k
(12:22 / Allies) nonent: gonna bat
(12:26 / Allies) Sylink: gl
(12:51 / Allies) Sylink: ai sucks dick
(14:15 / Allies) Sylink: wow ai
(14:16 / Allies) Sylink: thanks
(14:17 / Allies) Sylink: for hodling
(14:19 / Allies) Sylink: nigger wizard
(14:59 / Allies) Sylink: owned
(15:39 / Allies) Sylink: mort an expo idk
(15:48 / Allies) Sylink: party back
(16:00 / Allies) fineX: he gon rush it
(16:59 / All) fineX: nt guys
(17:12 / Allies) Sylink: guess im the bitch this game
(17:23 / Allies) nonent: ya you need resources?
(17:32 / Allies) Sylink: not yet
(17:33 / Allies) nonent: i'm just blowing them on bats i waste
(17:51 / Allies) Sylink: keep bats if guy brightens up to chimes
(17:56 / Allies) Sylink: yep
(18:05 / Allies) Sylink: should invisibat
(18:16 / Allies) nonent: hm
(18:17 / Allies) Sylink: and ocnstantly take out air
(18:52 / Allies) Sylink: need wood
(19:15 / All) Sylink: ty
(19:26 / Allies) Sylink: low masonry
(19:38 / Allies) Sylink: getting sorc invis
(19:58 / Allies) Sylink: ugh
(20:09 / Allies) Sylink: wait nonent
(20:10 / Allies) Sylink: iinvis
(20:14 / Allies) nonent: k
(20:41 / Allies) Sylink: should be lol
(20:44 / Allies) nonent: lolz
(20:46 / Allies) Sylink: also
(20:49 / Allies) Sylink: sending dhawk
(20:50 / Allies) Sylink: leave 3
(20:55 / Allies) nonent: k
(21:39 / Allies) Sylink: brt
(21:44 / Allies) fineX: lol
(21:48 / Allies) Sylink: nm
(21:49 / Allies) Sylink: lol
(22:00 / Allies) Sylink: hu tower so imba
(22:03 / All) fineX: hey guys
(22:05 / All) fineX: did u knock?
(22:08 / All) fineX: try knocking next time
(22:10 / All) fineX: dont ding dong ditch
(22:13 / All) eaglecat: you enjoy hour long games?
(22:18 / All) Sylink: hour is nothing bfro
(22:23 / All) fineX: record
(22:27 / All) fineX: 28 hours
(22:29 / All) fineX: held by me
(22:36 / All) fineX: suck dick plz
(22:38 / All) eaglecat: griefing is fun
(22:43 / All) Sylink: this isnt griefing
(22:46 / Allies) Sylink: TOME OF XP
(22:47 / Allies) Sylink: GO
(22:50 / Allies) Sylink: bm
(22:51 / Allies) nonent: k
(22:59 / Allies) nonent: nice1
(23:05 / Allies) Sylink: and crunk items at shop maybe
(23:12 / All) nonent: thx for tome
(23:20 / Allies) Sylink: rofl
(23:21 / Allies) Sylink: go get 5
(24:05 / Allies) Sylink: they towering up expo
(24:20 / Allies) Sylink: lol
(24:25 / Allies) Sylink: get his totem
(24:27 / Allies) Sylink: if you can
(24:35 / Allies) Sylink: i have invis
(24:36 / Allies) Sylink: nonent
(24:38 / Allies) Sylink: use on bats
(24:39 / Allies) Sylink: all the time
(24:47 / Allies) nonent: k
(25:30 / Allies) Sylink: ROFL
(25:32 / Allies) Sylink: get the last one
(25:36 / Allies) nonent: k
(26:00 / Allies) Sylink: finally got my expo
(26:02 / Allies) nonent: i like invis bats
(26:05 / Allies) Sylink: its fun
(28:27 / Allies) Sylink: lol
(28:43 / Allies) Sylink: orange is up top
(29:03 / Allies) nonent: hm no more chimzzz
(29:08 / Allies) Sylink: he caught on
(29:10 / Allies) Sylink: orange has sentry
(29:11 / Allies) Sylink: fyi
(29:15 / Allies) nonent: ya
(29:44 / Allies) Sylink: they gonna try me again or what
(30:10 / Allies) Sylink: they just massin
(30:48 / Allies) Sylink: owned
(30:58 / All) fineX: u guys new players?
(31:13 / All) offyougowisp: r u
(32:58 / Allies) Sylink: stopp making morts now
(33:03 / Allies) Sylink: need demos
(33:06 / Allies) Sylink: cant be lightning
(33:07 / Allies) nonent: really?
(33:09 / Allies) Sylink: if he gets eq that will suck
(33:10 / Allies) nonent: ah
(33:41 / Allies) Sylink: demos with fire
(33:46 / Allies) nonent: k
(33:54 / Allies) Sylink: get gryphs hawks maybe finex idk
(34:14 / Allies) Sylink: orange sucks at siege
(34:57 / Allies) Sylink: bad
(35:01 / Allies) Sylink: use invuln pots
(35:01 / Allies) nonent: i need to get an invuln
(35:06 / Allies) nonent: pot
(35:20 / Allies) Sylink: lol 4 morts one shot
(35:48 / All) eaglecat: what a waste of time
(35:51 / All) Sylink: gg
(35:54 / All) nonent: gg
(35:56 / All) fineX: like your birthing
(36:12 / Allies) nonent: sending demos
(36:18 / Allies) Sylink: cool
(37:37 / Allies) Sylink: dryads blow so hard
(37:43 / Allies) Sylink: i have inner fire now
(37:59 / All) nonent: I KNOW KUNG FU
(38:10 / All) fineX: i am a nigger
(39:19 / All) Sylink: tower noobs
(39:27 / Allies) nonent: lolz
(39:28 / Allies) Sylink: bstorm the dryads when you can imo
(39:29 / Allies) fineX: goinna go kill all with gryphs
(39:35 / Allies) nonent: k
(40:02 / Allies) Sylink: use priests for inner fire
(40:07 / Allies) fineX: wtf tp didnt go off
(40:30 / Allies) Sylink: did you see tha tpro staff
(40:41 / Allies) fineX: that was really gay
(41:05 / Allies) nonent: fuc
(41:10 / Allies) nonent: forgot invuln
(41:12 / Allies) nonent: what anub
(41:14 / Allies) Sylink: more dmeo tia
(41:23 / All) Sylink: learn 2 micro
(41:27 / All) eaglecat: ya rly
(42:15 / Allies) Sylink: is he going to outrange with orc towers lol?
(42:22 / Allies) nonent: lol
(42:45 / Allies) nonent: hm
(43:25 / Allies) Sylink: getting mk for asshole
(44:05 / Allies) Sylink: rofl
(44:08 / Allies) nonent: gay
(44:44 / Allies) nonent: i should stick to bstorming inanimate objects
(45:25 / Allies) nonent: batting
(46:05 / Allies) Sylink: owned caster
(46:26 / Allies) Sylink: he has earthquake
(46:56 / Allies) Sylink: need anti mort
(47:07 / Allies) fineX: gryph inc
(48:28 / Allies) Sylink: at least they in upkeep whole game
(48:29 / Allies) Sylink: broke as fuck
(48:33 / Allies) Sylink: going to mass units
(48:35 / Allies) Sylink: then leave this base
(49:43 / Allies) Sylink: we could probably take all that
(49:51 / Allies) Sylink: with gryphs
(50:15 / Allies) fineX: lets do it
(50:16 / Allies) Sylink: want to try?
(50:17 / Allies) Sylink: hold
(50:19 / Allies) Sylink: 2 more gryph
(50:21 / Allies) fineX: once phoenix revive
(50:22 / Allies) Sylink: is bm up here
(50:28 / Allies) nonent: seczor
(50:37 / Allies) Sylink: go
(51:11 / Allies) Sylink: i evacuated
(51:15 / Allies) nonent: k
(51:19 / Allies) fineX: ejac and evac
(51:32 / Allies) Sylink: my base paid for itself
(51:47 / Allies) fineX: my base tougher egg to crack
(52:02 / Allies) Sylink: still have 2 sorc
(52:05 / Allies) Sylink: for invis hilarity
(52:16 / Allies) Sylink: should bat chimes
(52:17 / Allies) fineX: Lt. col Phoenix away
(52:18 / Allies) Sylink: if you have bats/gold
(52:22 / Allies) nonent: ya
(52:31 / Allies) Sylink: focus fs
(52:33 / Allies) Sylink: if he eq towers
(52:36 / Allies) Sylink: will own shit
(52:49 / Allies) nonent: ya
(52:49 / Allies) Sylink: take them ten minutes to kill base
(52:50 / Allies) nonent: bad bat
(52:53 / Allies) Sylink: with 3 masonry
(53:09 / Allies) Sylink: they have anti tower heroes
(53:11 / Allies) Sylink: tc and shit
(53:14 / Allies) nonent: ya
(53:36 / Allies) fineX: breakers?
(53:39 / Allies) Sylink: i have 8 gryph
(53:42 / Allies) Sylink: would not be a bad idea
(54:06 / Allies) Sylink: i have a mk
(54:36 / Allies) Sylink: was only 5 k in my mine
(54:38 / Allies) fineX: lets perch
(54:40 / Allies) fineX: contingency plan
(54:45 / Allies) Sylink: have to perch there
(54:49 / Allies) fineX: ye
(54:50 / Allies) Sylink: or left
(54:56 / Allies) fineX: left can fit more towers
(54:58 / Allies) fineX: believe it or not
(55:07 / Allies) Sylink: dont die
(55:16 / Allies) Sylink: sell staff buy tp imo
(55:22 / Allies) Sylink: tp cheaper than level 9 bm
(55:33 / Allies) nonent: i keep da invuln on
(55:34 / Allies) Sylink: start storming wells and shit
(56:07 / Allies) fineX: gonna perch now
(56:09 / Allies) nonent: k
(56:10 / Allies) fineX: good thing bm can do solo
(56:11 / Allies) Sylink: microing towers on caster
(56:26 / Allies) Sylink: shitload of chime bros
(57:06 / Allies) Sylink: well he lost 5 chime for that base and orc all caster
(57:28 / Allies) Sylink: needd zepp
(57:33 / Allies) fineX: i can phoenix up
(57:34 / Allies) nonent: will get
(57:36 / Allies) Sylink: oh
(57:40 / Allies) fineX: get zep anyway
(57:45 / Allies) fineX: phoenix on cd
(57:56 / Allies) Sylink: we should defend this
(57:59 / All) eaglecat: hooray no more bats
(58:06 / Allies) Sylink: rofl
(58:24 / Allies) Sylink: bats
(58:35 / Allies) nonent: ya i know
(58:48 / Allies) Sylink: party time
(59:26 / Allies) Sylink: i stopped eq with bolt
(59:35 / Allies) Sylink: panda almost died
(60:13 / Allies) Sylink: did someone tp out
(60:22 / Allies) Sylink: thats it
(60:23 / Allies) Sylink: lol
(60:57 / Allies) Sylink: wasting da chime
(61:24 / Allies) Sylink: hurry wit dis
(61:42 / Allies) nonent: forgot about zep
(61:45 / Allies) nonent: lmao
(62:04 / Allies) Sylink: wtf is cool down on fs
(62:27 / Allies) Sylink: mass bats above corner imo
(62:31 / Allies) nonent: k
(63:33 / Allies) Sylink: hurry
(63:33 / Allies) Sylink: tower
(63:35 / Allies) Sylink: the cliff
(63:35 / Allies) Sylink: bro
(63:38 / Allies) fineX: yeah
(63:39 / Allies) Sylink: dont have time
(64:09 / All) eaglecat: ur notta gonna hit ur record?
(64:13 / Allies) fineX: there
(64:55 / Allies) Sylink: need to evac soon
(65:11 / Allies) Sylink: base gone
(65:30 / All) eaglecat: lol
(65:32 / All) eaglecat: u guys are faggots
(65:45 / All) offyougowisp: how does it feel to lose an hour long game
(65:46 / Allies) Sylink: plant hall fast
(65:52 / Allies) fineX: no room
(65:56 / Allies) fineX: need mana
(66:02 / Allies) fineX: tp am to me
(66:03 / Allies) Sylink: io got to hide
(66:07 / Allies) Sylink: no mass tp
(66:12 / Allies) fineX: use stick
(66:15 / Allies) fineX: i need mana
(66:15 / Allies) fineX: quick
(66:32 / Allies) Sylink: sec
(67:16 / Allies) fineX: thx
(67:45 / Allies) Sylink: buying krunk items
(67:49 / Allies) fineX: jus 2 more treez
(67:57 / Allies) Sylink: 2 minutes lol
(68:36 / Allies) Sylink: tping up ssec
(68:36 / All) eaglecat: howur gonna play hide the farm?
(68:39 / All) Sylink: yes
(68:49 / Allies) Sylink: sepnt all gold on items
(68:51 / All) eaglecat: lol u guys can't win legit
(68:55 / All) nonent: sorry
(68:56 / All) eaglecat: can't win griefing
(69:02 / All) offyougowisp: go play dota
(69:05 / All) Sylink: u
(69:17 / Allies) Sylink: look at these items lmao
(69:46 / Allies) Sylink: clear pit
(70:07 / Allies) Sylink: tower upper we put heroes in canyon?
(70:23 / Allies) fineX: wtf was that for
(70:23 / Allies) Sylink: need towers asap
(70:29 / Allies) Sylink: to give panda item
(70:37 / Allies) Sylink: super panda
(71:22 / Allies) Sylink: this should be lol
(71:45 / Allies) fineX: they jus revealed
(71:48 / Allies) Sylink: i saw
(71:48 / Allies) fineX: dont think they saw tho
(72:07 / Allies) Sylink: as long as they cant zep land we should be ok
(72:29 / Allies) Sylink: brb
(73:56 / All) nonent: gl hf
(74:16 / All) Sylink: Bros b4 hoes
(74:51 / All) eaglecat: so this is where we all go afk
(74:54 / All) eaglecat: for the rest of the night?
(75:02 / All) Sylink: yes
(75:04 / All) nonent: yes
(75:12 / All) nonent: i can go back to text messaging
(75:14 / All) Sylink: because you probably have very little gold after playing entire game in upkeep
(75:22 / Allies) nonent: lol
(75:23 / All) Sylink: and towering your expos
(75:55 / All) Sylink: and you spent half of the gold from my expo on towers around it plus losing to upkeep
(75:56 / All) Sylink: so gg
(76:48 / Allies) Sylink: borrowing a bat
(76:52 / All) Sylink: spend dat gold
(76:52 / Allies) nonent: plz do
(77:03 / All) eaglecat: the vision is free bro
(77:12 / Allies) Sylink: oh they have fs
(77:16 / Allies) nonent: oh yeah he has fagtowers
(77:24 / Allies) Sylink: could be crystal ball too
(77:35 / All) fineX: have u found ur way around the down n out
(77:36 / All) eaglecat: bat scout?
(77:37 / All) fineX: i know
(77:40 / All) fineX: it must be long
(77:41 / All) fineX: so long
(77:55 / Allies) Sylink: you cant see my gryphs
(77:57 / Allies) Sylink: barely
(78:03 / Allies) fineX: dhawks hidden
(78:23 / Allies) Sylink: i wish we knew if orc was massing the bat
(78:32 / Allies) nonent: hes not
(78:40 / Allies) Sylink: human has only chance
(78:49 / Allies) Sylink: by massing gyros and bats they coudl do it
(78:51 / All) eaglecat: what do you do when u get a different map?
(78:55 / All) Sylink: same thing
(78:56 / All) nonent: we quit
(79:05 / All) Sylink: every map has a gimmick
(79:08 / All) eaglecat: when there isn't an island in the corner to hide on?
(79:08 / All) fineX: ever heard of the Copper Canyon Crew
(79:11 / All) fineX: thats our main map
(79:17 / All) Sylink: sunrock cove is good too
(79:18 / All) fineX: were the Copper Canyon Crew
(79:27 / All) bearcat: no lives crew
(79:32 / All) eaglecat: so you retreat like this often?
(79:34 / All) nonent: gnoll wood owns too
(79:35 / All) Sylink: yet you are sitting here trying to argue with us
(79:43 / All) nonent: we got some crazzzzy shit on that map
(79:48 / All) fineX: Sometimes
(79:49 / All) eaglecat: argue what, u've found ways to cheeze the game
(79:49 / All) fineX: We do
(79:55 / All) fineX: Bloodstone Mesa 'Migos
(79:55 / All) eaglecat: gratz
(79:58 / All) nonent: gonna wait ten minutes for all your wards to die
(80:00 / All) Sylink: its part of the game and you suck at countering it?
(80:02 / All) nonent: then rapez0r u
(80:16 / All) eaglecat: who practices vs cheeze
(80:23 / All) nonent: good players
(80:23 / All) Sylink: i mean how many mortars did you lose to am/panda tower
(80:27 / All) eaglecat: play this once a week
(80:33 / All) nonent: i play it once a month
(80:38 / All) Sylink: i installed yesterday
(80:38 / All) eaglecat: clearly ou dont' ; )
(80:41 / All) nonent: too busy selling drugs
(80:42 / All) offyougowisp: what else do you suggest against mass tower/mortor/bats?
(80:44 / All) eaglecat: the whatever crews
(80:53 / All) nonent: micro
(80:55 / All) offyougowisp: lol
(80:59 / All) Sylink: control idk
(81:33 / All) eaglecat: we got you beat on heros
(81:38 / All) eaglecat: as long as were not afk when u atax
(81:39 / All) nonent: come on up then
(81:49 / All) eaglecat: u stopped buildling towers, looks like ur out of gold
(81:49 / All) offyougowisp: how about we 1v 1
(81:50 / All) fineX: im not scared
(81:52 / All) offyougowisp: for the outcome
(81:54 / All) fineX: oh no
(82:02 / All) fineX: just too lazy to upgrade
(82:19 / All) nonent: come to our corner and we will 1v1
(82:32 / All) offyougowisp: u have a zep already
(82:34 / All) offyougowisp: just come
(82:57 / All) nonent: brb dinner
(83:04 / All) offyougowisp: brb work c u next saturday
(83:06 / All) nonent: getting pizza
(83:44 / All) fineX: SPinninnnnnnnnn
(83:46 / All) nonent: finex has laghack he wont drop
(83:48 / All) Sylink: spindcotas
(85:06 / All) eaglecat: wards are gone make your move
(86:11 / Allies) nonent: so sylink hows life
(86:18 / Allies) Sylink: pretty good u
(86:21 / Allies) nonent: enjoying ur summer?
(86:25 / Allies) nonent: yeah doing fine
(86:31 / Allies) nonent: quit my job a lil while ago
(86:35 / Allies) nonent: doin a bit of chillin
(86:52 / Allies) nonent: you ever go swing dancing?
(86:55 / Allies) Sylink: no
(87:00 / Allies) nonent: its pretty fun
(87:22 / Allies) nonent: it's a social dance thing so even if you go with someone more than half the time you are dancing with a stranger
(87:27 / Allies) nonent: and it's always guy-girl
(87:28 / Allies) Sylink: cool
(87:48 / Allies) nonent: yeah this girl i went out with is really into swing dancing
(87:59 / Allies) nonent: so I'm tryna learn
(88:28 / Allies) nonent: you do anything fun for the fourth?
(88:39 / Allies) Sylink: not really
(88:41 / Allies) Sylink: chilled with wife
(88:42 / Allies) Sylink: we broke
(88:50 / Allies) nonent: oh you are married?
(88:55 / Allies) Sylink: just got married
(88:57 / Allies) Sylink: june 13th
(88:57 / Allies) fineX: nonent how old is u?
(88:58 / Allies) nonent: how long congrats etc
(89:03 / Allies) nonent: oh nice
(89:07 / Allies) nonent: i'm 27
(89:10 / Allies) fineX: nice sylink
(89:12 / Allies) nonent: will be 28 on your bday
(89:12 / Allies) fineX: Dang u a old Niga
(89:14 / Allies) Sylink: went to jamaica for honeymoon
(89:18 / Allies) fineX: almost up to Velox Neb, he 32
(89:45 / Allies) fineX: sylink how old is u
(89:53 / Allies) Sylink: 24
(90:02 / Allies) fineX: nice nice
(90:15 / Allies) nonent: it'd be funny if they quit
(90:24 / All) fineX: why arent you guys shittalking anymore
(90:28 / Allies) nonent: like fuuuck they aren't doing shit
(90:31 / Allies) nonent: must be afk
(90:35 / Allies) nonent: nothing we can do
(90:37 / Allies) fineX: they still revealin us
(93:38 / Allies) nonent: texting this gal headset off fyi
(95:45 / Allies) Sylink: hi
(95:57 / Allies) nonent: they all at top left expo
(99:12 / Allies) Sylink: this sure is fun
(102:08 / All) nonent: good one
(102:12 / All) nonent: was there for like half the game
(102:23 / All) nonent: i have ten more like it
(102:26 / All) nonent: OOOPS
(105:28 / Allies) Sylink: this lame
(105:28 / Allies) fineX: lol
(105:32 / Allies) Sylink: rofl
(105:37 / Allies) nonent: lolz
(105:45 / Allies) nonent: they gonna come soon
(105:51 / Allies) Sylink: i hopeso
(105:53 / Allies) nonent: gonna bat over water if poss
(106:14 / Allies) fineX: jere tjeu cp,e
(106:21 / Allies) fineX: here they come
(106:31 / Allies) nonent: hjahaha
(106:50 / Allies) nonent: hey bat for me im texting
(106:55 / Allies) Sylink: k
(107:00 / Allies) fineX: im texting also
(107:04 / Allies) fineX: but you dont see me being a bitch
(107:33 / All) fineX: ROFL
(107:34 / All) Sylink: gg
(107:35 / All) nonent: LAMO
(107:37 / Allies) Sylink: i have mass tp
(107:38 / Allies) fineX: i fuckin got him
(107:39 / Allies) fineX: ahahahaha
(107:40 / Allies) fineX: HAHAHA
(107:53 / Allies) Sylink: rofl
(107:55 / Allies) fineX: \ahahaha
(107:58 / Allies) fineX: he alt-q x x
(108:02 / Allies) Sylink: mass tp and panda 6 gg
(108:11 / Allies) fineX: hahaha that was awesome
(108:14 / Allies) fineX: lost all his heroes in one go
(108:21 / All) fineX: so......
(108:25 / All) fineX: you guys have no heroes now.......
(108:28 / All) Sylink: what a ragequitter
(108:30 / All) fineX: and your friend rage quit.........
(108:31 / All) eaglecat: lol 1 hero
(108:33 / All) eaglecat: died in teh zep
(108:51 / All) nonent: WHICH ONE
(108:52 / All) fineX: thats a dirty lie
(108:54 / All) fineX: and we all know it
(108:55 / All) eaglecat: NOT TELLING
(108:59 / All) fineX: one hero doesnt give 3 levels.......
(108:59 / All) nonent: BOTH LOLZ
(109:15 / All) fineX: especially to level 7, 5 and 6 heroes
(109:22 / All) fineX: so stop lying
(109:28 / All) eaglecat: was two heros faggot
(109:35 / All) fineX: i thought it was 1?
(109:48 / All) eaglecat: ho ho
(109:52 / Allies) Sylink: ownage
(109:53 / All) eaglecat: heros abound
(110:30 / Allies) Sylink: bat scout da da da
(111:24 / Allies) Sylink: do you have clloud
(111:31 / Allies) fineX: ya
(112:03 / Allies) Sylink: going to borrow all air in a min
(112:07 / Allies) nonent: K
(112:09 / Allies) nonent: fine by me
(112:15 / Allies) nonent: ill save me bstorm
(112:25 / Allies) Sylink: going to finish off ne base once gryphs heal
(112:49 / Allies) Sylink: scout ne main
(112:52 / Allies) Sylink: see if prot still there
(112:58 / Allies) nonent: k
(113:10 / Allies) fineX: lol
(113:12 / Allies) nonent: lolz
(113:16 / All) fineX: how come u guys stopped shit talking
(113:17 / Allies) nonent: no prots
(113:18 / All) fineX: i was enjoying it
(113:33 / Allies) Sylink: owned
(114:27 / Allies) Sylink: mass tp is gg
(115:54 / Allies) Sylink: taking six hawks
(116:01 / Allies) fineX: ok
(116:04 / Allies) Sylink: err
(116:05 / Allies) Sylink: 4
(116:25 / All) Sylink: gg u lose
(116:32 / All) eaglecat: prolly but not after an hour
(116:33 / Allies) Sylink: lol
(116:38 / All) fineX: dont do dat farm hide
(116:53 / Allies) Sylink: roflll
(116:54 / All) fineX: dont do dat either
(116:58 / All) nonent: sad
(117:02 / All) Sylink: fucking tower noobs
(117:03 / All) nonent: kill self?
(117:08 / All) fineX: kill yourself
(117:12 / All) fineX: you fail in every way
(117:22 / All) eaglecat: yeah coudln't afford to tower it like you guys
(117:26 / All) eaglecat: how lame
(117:30 / All) nonent: sad sad poor person
(117:35 / All) fineX: what happened to the shittalking earlier
(117:40 / All) fineX: how does it feel to lose a 2hour game???
(117:44 / All) eaglecat: we din't realize you had a the cheeze top left
(117:53 / All) eaglecat: on any other map
(117:55 / All) eaglecat: u were done
(117:56 / All) fineX: maybe you shouldnt talk before its over...
(118:00 / All) fineX: um i can list like eight
(118:01 / All) eaglecat: perhaps
(118:02 / All) nonent: talk shit after owned?
(118:09 / All) eaglecat: your towers did get owned
(118:11 / All) eaglecat: u lost ur expos
(118:16 / All) fineX: thats cause we didnt defend.............
(118:16 / All) nonent: we mined them out
(118:27 / All) Sylink: gold to upkeep u lose
(118:32 / All) fineX: i can lsit eight other maps this exact same thing could happen on, so u cant really say any other map
(118:56 / Allies) fineX: they moved their tree here
(119:24 / Allies) nonent: lol
(119:49 / All) eaglecat: smoke eh
(120:02 / All) eaglecat: prolly mh too =\
(120:07 / All) Sylink: no need for noob
(120:07 / All) fineX: we do
(120:11 / All) eaglecat: lal
(120:14 / All) fineX: but not on u noobs
(120:16 / All) nonent: we maphack constantly
(120:24 / All) Sylink: i mh irl
(120:26 / All) eaglecat: griefing is fun
(120:29 / All) nonent: would be a shame
(120:34 / Allies) fineX: why do they call it griefing
(120:35 / All) nonent: waste
(120:40 / Allies) Sylink: they are idiots
(120:46 / All) fineX: i aint got no rams for you
(120:51 / All) nonent: STIMPY U EEDIOT
(121:16 / All) nonent: me and finex are CAL
(121:22 / All) nonent: don't diss plz
(121:22 / All) Sylink: CAL-I
(121:25 / All) eaglecat: get girlfriends
(121:26 / All) fineX: ya
(121:28 / All) nonent: cal freaking I
(121:30 / All) Sylink: im married lol
(121:34 / All) nonent: been texting her all game
(121:39 / All) eaglecat: and ur still playing war3?
(121:43 / All) fineX: i have no need for girlfriends, i fuck a different girl every night
(121:45 / All) Sylink: people have lives LOL
(121:54 / All) nonent: to own u noobs I only need 1 hand for teh game the other on the phonez0r
(121:58 / All) Sylink: im unemployed and she is a law student what else do i have to do
(122:03 / All) eaglecat: no kidding all u do is build towers
(122:29 / Allies) Sylink: mk is level 4 now
(122:46 / All) Sylink: gg u lose
(122:58 / All) eaglecat: probably
(123:02 / All) Sylink: no you do
(123:08 / All) eaglecat: but to a lame cheeze, i can take that loss
(123:11 / All) Sylink: you dont have the guts to out afk us anyway
(123:18 / All) nonent: i'm sponsored by kingston ram they pay me by how long the game goes
(123:25 / All) eaglecat: lal
(123:27 / All) nonent: ps don't get geil ram they suck
(123:29 / All) Sylink: im sponsored by enzite
(123:30 / All) eaglecat: is your wife proud?
(123:32 / All) nonent: fucking stiffed me
(123:39 / All) nonent: naw im the dude with the GF
(123:45 / All) Sylink: she is
(123:50 / All) Sylink: i jizz inside her every night
(123:52 / All) Sylink: gg birth control
(123:55 / All) eaglecat: classy
(124:13 / Allies) Sylink: so shall we assault
(124:14 / Allies) Sylink: or lol
(124:14 / All) fineX: so eaglecat do you have a girlfriend
(124:18 / Allies) nonent: sec
(124:25 / Allies) nonent: when i get more mana then i can stormz0r
(124:27 / All) eaglecat: come smoke our towers so we can leave
(124:34 / All) fineX: do u have a girlfriend eaglecat
(124:36 / Allies) Sylink: or we can go afk
(124:38 / Allies) Sylink: entirely
(124:43 / All) nonent: with bin laden smokin weed
(124:48 / All) fineX: is that a no
(125:03 / All) fineX: im taking that as a no
(125:07 / All) nonent: WHEN I SAID SMOKE HIM OUT I MEANT K I L L HIM
(125:16 / All) nonent: i saw it on fark a lil while back
(125:28 / Allies) Sylink: where u at bm
(125:30 / Allies) Sylink: i tp down
(125:33 / Allies) nonent: hit with all heroes?
(125:34 / Allies) fineX: me 2
(125:52 / Allies) nonent: u can use bats
(125:56 / Allies) Sylink: k
(126:05 / Allies) nonent: too much micro for me
(126:12 / Allies) Sylink: lazy hoe
(126:20 / Allies) Sylink: lets roll
(127:04 / All) nonent: THIS GAME SPONSORED BY KINGSTON RAM
(127:14 / All) Sylink: bats took all damage lol
(127:15 / All) fineX: AND CORSAIR RAM
(127:17 / All) fineX: THE BETTER ONES
(127:22 / All) nonent: LOL OLD MAN CORSAIR
(127:26 / All) Sylink: smoked
(127:31 / All) fineX: pff kingston is the old one
(127:35 / All) Sylink: gg
(127:35 / All) fineX: GG NOOB!
(127:37 / All) nonent: OLD
(127:39 / All) nonent: RICH
(127:41 / All) nonent: POOL
(127:51 / All) Sylink: dang what a shitty army
(128:04 / All) nonent: ok tiem to enable teh map hackz0rs to find trees
(128:16 / All) eaglecat: lol
(128:47 / All) nonent: ok my cheat worked
(128:48 / All) fineX: THERES A WORLD OUT THERE